 Dungeon Crawl Stone Soup version 0.28-a0-664-gc179e30c89 (webtiles) character file.

Game seed: 6401370797397027692

12757 jasper the Grappler (level 11, 0/86 HPs)
             Began as a Demonspawn Cinder Acolyte on Oct 16, 2021.
             Was an Initiate of Ignis.
             Slain by a two-headed ogre (17 damage)
             ... on level 2 of the Orcish Mines.
             The game lasted 00:21:27 (16734 turns).

jasper the Grappler (Demonspawn Cinder Acolyte)    Turns: 16734, Time: 00:21:28

Health: 0/86       AC: 17    Str: 15    XL:     11   Next: 66%
Magic:  12/12      EV: 14    Int: 17    God:    Ignis [......]
Gold:   574        SH:  5    Dex: 16    Spells: 2/12 levels left

rFire   + . .      SeeInvis .     - Unarmed
rCold   . . .      Faith    .   r - +0 buckler
rNeg    + . .      Spirit   .   E - +4 acid dragon scales
rPois   .          Reflect  .   G - +1 hat {Will+}
rElec   .          Harm     .   (no cloak)
rCorr   +          Rampage  .   (no gloves)
Will    +....                   l - +1 pair of boots
Stlth   +.........              (no amulet)
HPRegen 0.24/turn               e - +6 ring of dexterity
MPRegen 0.13/turn               x - ring of positive energy

@: mighty
A: thin metallic scales 1, foul stench 3, powered by pain 1, demonic touch 1
a: Renounce Religion


You were on level 2 of the Orcish Mines.
You worshipped Ignis.
Ignis was noncommittal.
You visited 2 branches of the dungeon, and saw 13 of its levels.

You collected 777 gold pieces.
You spent 203 gold pieces at shops.

Inventory:

Hand Weapons
 a - a +0 falchion of flaming
 f - a +2 dagger of venom
 z - a +3 hunting sling
Missiles
 c - 561 stones (quivered)
 o - 2 throwing nets
 u - 6 atropa-tipped darts
Armour
 b - a +0 robe
 d - a +0 ring mail
 l - a +1 pair of boots (worn)
 r - a +0 buckler (worn)
 y - a +0 helmet
 A - a +0 scale mail
 E - +4 acid dragon scales (worn)
 G - a +1 hat of willpower (worn)
Jewellery
 e - a +6 ring of dexterity (left hand)
 x - a ring of positive energy (right hand)
 C - a ring of protection from fire
Wands
 t - a wand of flame (6)
 w - a wand of digging (4)
 D - a wand of iceblast (1)
Scrolls
 k - 3 scrolls of torment
 m - 6 scrolls of teleportation
 n - a scroll of vulnerability
 q - 3 scrolls of immolation
 s - a scroll of identify
 v - a scroll of blinking
Potions
 g - 3 potions of cancellation
 h - 4 potions of degeneration
 i - 3 potions of mutation
 j - 2 potions of brilliance
 p - 3 potions of curing
 B - a potion of ambrosia
 F - a potion of resistance


   Skills:
 + Level 8.0 Fighting
 - Level 3.3 Long Blades
 + Level 6.6 Armour
 + Level 6.6 Dodging
 - Level 4.0 Shields
 + Level 11.9 Unarmed Combat
 - Level 1.0 Spellcasting
 - Level 2.6 Fire Magic


You had 2 spell levels left.
You knew the following spells:

 Your Spells              Type           Power      Damage    Failure   Level
a - Confusing Touch       Hex            0%         N/A       63%         3
b - Silence               Hex/Air        0%         N/A       100%        5
c - Blink                 Tloc           N/A        N/A       38%         2

Your spell library contained the following spells:

 Spells                   Type           Power      Damage    Failure   Level
 Scorch                   Fire           18%        2d6       14%         2
 Sting                    Tmut/Pois      0%         1d3       28%         1
 Ensorcelled Hibernation  Hex/Ice        0%         N/A       38%         2
 Poisonous Vapours        Pois/Air       0%         N/A       38%         2
 Slow                     Hex            0%         N/A       38%         2
 Dazzling Flash           Conj/Hex       0%         N/A       63%         3
 Gell's Gravitas          Tloc           0%         N/A       63%         3
 Lesser Beckoning         Tloc           0%         N/A       63%         3
 Spider Form              Tmut/Pois      0%         N/A       63%         3
 Teleport Other           Tloc           0%         N/A       63%         3
 Vampiric Draining        Necr           0%         2d6       63%         3
 Leda's Liquefaction      Hex/Erth       0%         N/A       95%         4
 Olgreb's Toxic Radiance  Pois           0%         N/A       95%         4
 Agony                    Necr           0%         N/A       100%        5
 Lee's Rapid Deconstruct  Erth           0%         3d5*      100%        5
 Manifold Assault         Tloc           0%         N/A       100%        5
 Dispersal                Tloc           0%         N/A       100%        6
 Statue Form              Tmut/Erth      0%         N/A       100%        6


Dungeon Overview and Level Annotations

Branches:
Dungeon (11/15)            Temple (0/1) D:4             Orc (1/2) D:10
   Lair: D:8-11

Altars:
Ashenzari
Dithmenos
Elyvilon
Kikubaaqudgha
Makhleb
Nemelex Xobeh
Qazlal
Xom
Yredelemnul
Zin
The Shining One

Shops:
D:4 *   D:7 *   Orc:2 (

Annotations:
D:8 2 transporters, Zenkrye's ghost, novice TeCj
Orc:1 1 runed translucent door, a11behringer's ghost, journeyman MiFi


Innate Abilities, Weirdness & Mutations

You are partially covered in thin metallic scales. (AC +2)
You frequently emit foul miasma when damaged in melee.
You sometimes gain a little power by taking damage.
Your touch may inflict minor irresistible damage on your foes.


Message History

The two-headed ogre hits you with a +0 giant spiked club!!
You emit a cloud of foul miasma!
You block the two-headed ogre's attack.
You take 18 damage, and have 63/86 hp.
MASSIVE DAMAGE!!
You barely miss the two-headed ogre.
The two-headed ogre is lightly wounded.
You hit the two-headed ogre but do no damage.
The two-headed ogre is lightly wounded.
The two-headed ogre is engulfed in dark miasma.
The two-headed ogre is poisoned.
The two-headed ogre barely misses you. You block the two-headed ogre's attack.
You punch the two-headed ogre!
The two-headed ogre is heavily wounded.
You punch the two-headed ogre!
The two-headed ogre is heavily wounded.
The two-headed ogre is engulfed in dark miasma.
The two-headed ogre looks even sicker.
The two-headed ogre misses you. You block the two-headed ogre's attack.
You hit the two-headed ogre.
The two-headed ogre is almost dead.
The two-headed ogre is engulfed in dark miasma.
The two-headed ogre looks even sicker.
The two-headed ogre hits you with a +0 giant spiked club!
The two-headed ogre hits you with a +0 giant club!!
You focus on the pain.
You feel very mighty all of a sudden.
You take 30 damage, and have 34/86 hp.
MASSIVE DAMAGE!!
You barely miss the two-headed ogre.
The two-headed ogre is almost dead.
You punch the two-headed ogre!
You kill the two-headed ogre!
Your Fighting skill increases to level 8!
You start resting.
A two-headed ogre is nearby!
You hit the two-headed ogre.
The two-headed ogre is lightly wounded.
The two-headed ogre hits you with a +0 giant club!!
* * * LOW HITPOINT WARNING * * *
You emit a cloud of foul miasma!
The two-headed ogre hits you with a +0 giant club!
You die...

...........##..∩.
.......#.$.# ....
........#.O##
.......##$OO#
...........O##
..........#.##
.#####..###.##
#### ##O# #@#.#
#####


You could see a two-headed ogre.

Vanquished Creatures
  Gastronok (Orc:1)
  4 two-headed ogres
  Erica (Orc:1)
  Maggie (D:6)
  A tengu conjurer (D:10)
  A kobold demonologist (D:9)
  2 trolls
  Sigmund (D:3)
  2 wraiths
  2 wyverns
  A shadow (D:11)
  2 steam dragons (D:8)
  17 yaks
  A water moccasin (D:6)
  A warg (Orc:1)
  A hornet zombie (D:8)
  A black bear (D:7)
  A sky beast (D:6)
  6 orc warriors
  3 centaurs
  5 ogres
  2 kobold brigands (D:10)
  2 gnoll sergeants
  2 bullfrogs
  2 wyvern zombies
  2 scorpions
  A wyvern skeleton (D:6)
  A water moccasin skeleton (D:6)
  3 wights (D:6)
  3 killer bees (D:9)
  2 howler monkeys (D:9)
  3 centaur zombies (D:9)
  A bullfrog zombie (D:6)
  2 hounds
  4 orc priests
  2 centaur skeletons
  A bullfrog skeleton (D:5)
  2 jellies
  Jessica (D:3)
  An iguana (D:5)
  10 orc wizards
  4 adders
  23 gnolls
  A white imp (D:5)
  An ufetubus (D:5)
  An adder skeleton (D:4)
  3 worms
  6 dart slugs
  35 orcs
  4 endoplasms
  32 hobgoblins
  18 kobolds
  3 quokkas
  8 ball pythons
  A bat (D:2)
  2 frilled lizards
  30 goblins
  6 rats
280 creatures vanquished.

Vanquished Creatures (others)
  A gnoll (D:5)
  A quokka (D:5)
  105 foxfires
107 creatures vanquished.

Grand Total: 387 creatures vanquished

Notes
Turn   | Place    | Note
-------+----------+-------------------------------------------
     0 | D:1      | jasper the Demonspawn Cinder Acolyte began the quest for
                  | the Orb.
     0 | D:1      | Reached XP level 1. HP: 18/18 MP: 2/2
    11 | D:1      | You fall into a shaft and drop 1 floor!
   360 | D:1      | Gained mutation: Your touch may inflict minor irresistible
                  | damage on your foes. [demonic ancestry]
   360 | D:1      | Reached XP level 2. HP: 24/24 MP: 3/3
   840 | D:1      | Found a faded altar of an unknown god.
  1102 | D:1      | Reached skill level 1 in Unarmed Combat
  1285 | D:2      | Gained mutation: You sometimes gain a little power by
                  | taking damage. [demonic ancestry]
  1285 | D:2      | Reached XP level 3. HP: 15/29 MP: 4/4
  1991 | D:2      | Reached skill level 2 in Unarmed Combat
  2599 | D:3      | Noticed Sigmund
  2601 | D:3      | Killed Sigmund
  2602 | D:3      | Reached skill level 4 in Unarmed Combat
  2602 | D:3      | Gained mutation: You are partially covered in thin metallic
                  | scales. (AC +2) [demonic ancestry]
  2602 | D:3      | Reached XP level 4. HP: 34/35 MP: 5/5
  2602 | D:3      | Reached XP level 5. HP: 40/41 MP: 6/6
  2604 | D:3      | Noticed Jessica
  2610 | D:3      | Killed Jessica
  3069 | D:3      | Reached XP level 6. HP: 34/47 MP: 7/7
  3078 | D:3      | Reached skill level 5 in Unarmed Combat
  4938 | D:4      | Reached skill level 6 in Unarmed Combat
  5034 | D:4      | Gained mutation: You may rarely emit foul miasma when
                  | damaged in melee. [demonic ancestry]
  5034 | D:4      | Reached XP level 7. HP: 40/52 MP: 8/8
  5187 | D:4      | Found a staircase to the Ecumenical Temple.
  5491 | D:4      | Found Vunlor's General Store.
  5499 | D:4      | Bought a scroll of teleportation for 42 gold pieces
  5499 | D:4      | Bought a scroll of immolation for 49 gold pieces
  5564 | D:4      | Found a burning altar of Makhleb.
  5573 | D:4      | Found a stormy altar of Qazlal.
  5831 | D:5      | Entered Level 5 of the Dungeon
  5967 | D:5      | Reached skill level 7 in Unarmed Combat
  6151 | D:5      | Found an ancient bone altar of Kikubaaqudgha.
  7020 | D:4      | Reached skill level 8 in Unarmed Combat
  7108 | D:5      | Gained mutation: You sometimes emit foul miasma when
                  | damaged in melee. [demonic ancestry]
  7108 | D:5      | Reached XP level 8. HP: 9/58 MP: 9/9
  8454 | D:6      | Reached skill level 9 in Unarmed Combat
  8714 | D:6      | Noticed Maggie
  9071 | D:7      | Reached skill level 10 in Unarmed Combat
  9154 | D:7      | Found Fichaf's CLEARANCE SALE!.
  9162 | D:7      | Bought a scroll of immolation for 7 gold pieces
  9162 | D:7      | Bought a scroll of vulnerability for 15 gold pieces
  9536 | D:8      | Gained mutation: You frequently emit foul miasma when
                  | damaged in melee. [demonic ancestry]
  9536 | D:8      | Reached XP level 9. HP: 48/63 MP: 10/10
  9875 | D:8      | Found Zin's Purification Station.
  9884 | D:8      | Bought a potion of curing for 90 gold pieces
  9916 | D:8      | Found a transporter.
  9916 | D:8      | Noticed Zenkrye's ghost (novice TeCj)
  9916 | D:8      | Noticed a manticore
  9940 | D:8      | Found a shimmering altar of Xom.
  9976 | D:8      | Found a transporter.
 10559 | D:8      | Learned a level 3 spell: Confusing Touch
 10565 | D:8      | Learned a level 5 spell: Silence
 10597 | D:9      | Reached skill level 1 in Armour
 10597 | D:9      | Reached skill level 1 in Dodging
 10949 | D:9      | Learned a level 2 spell: Blink
 11847 | D:9      | Found a basalt altar of Yredelemnul.
 11932 | D:9      | Noticed a kobold demonologist
 11933 | D:9      | Noticed a sixfirhy
 11937 | D:9      | Noticed a red devil
 11941 | D:9      | Noticed a rust devil
 12335 | D:6      | Killed Maggie
 13012 | D:6      | Reached XP level 10. HP: 71/73 MP: 11/11
 13021 | D:6      | Found a sparkling altar of Nemelex Xobeh.
 13380 | D:9      | Reached skill level 5 in Fighting
 13424 | D:10     | Entered Level 10 of the Dungeon
 13696 | D:9      | Reached skill level 11 in Unarmed Combat
 13944 | D:10     | Found a shadowy altar of Dithmenos.
 13965 | D:10     | Noticed a two-headed ogre
 13969 | D:10     | Killed a two-headed ogre
 14051 | D:10     | Reached skill level 5 in Armour
 14051 | D:10     | Reached skill level 5 in Dodging
 14269 | D:10     | Noticed a two-headed ogre
 14276 | D:10     | Killed a two-headed ogre
 14454 | D:10     | Reached XP level 11. HP: 71/83 MP: 12/12
 14521 | D:10     | Found a broken altar of Ashenzari.
 14990 | D:10     | Found a staircase to the Orcish Mines.
 15129 | D:11     | Noticed a two-headed ogre
 15142 | D:11     | Killed a two-headed ogre
 15565 | D:11     | Noticed a death knight
 15613 | Orc:1    | Entered Level 1 of the Orcish Mines
 16006 | Orc:1    | Noticed Erica
 16021 | Orc:1    | Killed Erica
 16036 | Orc:1    | Noticed Gastronok
 16369 | Orc:1    | Killed Gastronok
 16689 | Orc:1    | Found a runed translucent door.
 16691 | Orc:1    | Noticed a11behringer's ghost (journeyman MiFi)
 16693 | Orc:1    | You fall into a shaft and drop 1 floor!
 16693 | Orc:2    | Entered Level 2 of the Orcish Mines
 16695 | Orc:2    | Noticed a two-headed ogre
 16695 | Orc:2    | Noticed a two-headed ogre
 16695 | Orc:2    | Noticed an ogre mage
 16695 | Orc:2    | Noticed a two-headed ogre
 16699 | Orc:2    | Found Iteotol's Antique Weapon Shoppe.
 16732 | Orc:2    | Killed a two-headed ogre
 16734 | Orc:2    | Slain by a two-headed ogre

Illustrated notes

Levels and vault maps discovered:
D:1:      scummos_arrival_hexagon, layout_basic,
          shapermc_ecumenical_altar_acropolis
D:2:      layout_loops_corners
D:3:      minmay_goblin_kobold_castle, layout_rooms, kennysheep_another_room,
          minmay_misc_feat_encased, uniq_jessica, uniq_sigmund
D:4:      layout_loops_ring, mainiacjoe_overflow_swirl,
          minmay_temple_entry_junction_2, serial_shops, shop,
          kennysheep_generic_room_2
D:5:      layout_cave_pods, mainiacjoe_overflow_catwalk, lemuel_flame_loot_1
D:6:      layout_basic, nemelex_dance_club_becter, kennysheep_generic_room_4,
          uniq_maggie
D:7:      layout_cave_pools, nicolae_shop_clearance
D:8:      layout_rooms, nicolae_tso_swordbearing_angel, zin_purify,
          general_overflow_altar, gammafunk_ghost_arena
D:9:      layout_basic, kennysheep_ying_yang
D:10:     layout_roguey, lemuel_tele_altar, cheibrodos_ashenzari_chains,
          hiddenorc1_lemuel, minmay_misc_feat_columns
D:11:     layout_irregular_city, erik_lair_island, kennysheep_cluttered_room,
          dk_noncrumbling_4, uniq_erolcha
Orc:1:    layout_caves, gammafunk_ghost_grave, serial_shops, shop_fountains,
          nicolae_orc_rockfall, bloody_makhleb, uniq_gastronok, uniq_erica
Orc:2:    st_orc_ogre_mass, layout_caves, portal_ice_cave_entry_pillars_1,
          serial_shops, shop, shop_coins, nicolae_shop_waterfront,
          nicolae_shop_trees

Skill      XL: |  1  2  3  4  5  6  7  8  9 10 11 |
---------------+----------------------------------+-----
Long Blades    | 3 |  3.3
Unarmed Combat | 1 4 6 8 10 11 | 11.9
Shields        | 3 4 |  4.0
Armour         | 3 5 6 |  6.6
Dodging        | 3 5 6 |  6.6
Fighting       | 4 6 8 |  8.0
Spellcasting   | |  1.0
Fire Magic     | |  2.6

Action                   |  1- 3 |  4- 6 |  7- 9 | 10-12 || total
-------------------------+-------+-------+-------+-------++-------
Melee: Falchion          |    77 |       |       |       ||    77
       Touch             |    13 |    41 |    39 |       ||    93
       Unarmed           |       |   219 |   393 |   325 ||   937
       Punch             |       |     4 |     5 |       ||     9
 Fire: Hunting sling     |       |       |     1 |       ||     1
Throw: Stone             |    31 |     9 |    29 |    19 ||    88
       Dart              |       |       |     2 |       ||     2
Invok: Rising Flame      |     1 |       |       |       ||     1
       Foxfire Swarm     |     1 |     2 |     4 |       ||     7
       Sea of Fire       |       |     2 |       |       ||     2
Evoke: Wand              |       |       |    13 |    28 ||    41
  Use: Scroll            |     6 |     3 |     6 |    10 ||    25
       Potion            |       |       |     5 |       ||     5
 Stab: Invisible         |       |       |     1 |       ||     1
Armor: Ring mail         |    16 |   103 |    14 |       ||   133
       Scale mail        |       |       |   152 |       ||   152
       Acid dragon scale |       |       |     9 |   102 ||   111
Dodge: Dodged            |    30 |   149 |   155 |   144 ||   478
Block: Buckler           |       |       |    51 |    55 ||   106

Table legend: (Time is in decaauts)
 A = Elapsed time spent in this place.
 B = Non-inter-level travel time spent in this place.
 C = Inter-level travel time spent in this place.
 D = Time resting spent in this place.
 E = Time spent auto-exploring this place.
 F = Levels seen in this place.
 G = Mean time per level.
                   A        B        C        D        E       F      G
               +--------+--------+--------+--------+--------+-----+--------+
         Total |  16642 |  15916 |    726 |   4665 |   8681 |  13 | 1280.2 |
       Dungeon |  16110 |  15384 |    726 |   4367 |   8612 |  11 | 1464.5 |
  Orcish Mines |    532 |    532 |      0 |    298 |     69 |   2 |  266.0 |
               +--------+--------+--------+--------+--------+-----+--------+

Top non-repeatable levels by time:
     D:3: 2147 daAuts
     D:9: 2125 daAuts
     D:5: 2016 daAuts
    D:10: 1980 daAuts
     D:6: 1561 daAuts
     D:4: 1396 daAuts
     D:2: 1353 daAuts
     D:1: 1262 daAuts
     D:8: 1229 daAuts
     D:7: 639 daAuts
   Orc:1: 496 daAuts
    D:11: 396 daAuts
   Orc:2: 36 daAuts
